[Event "FIDE World Rapid-ch Open 2018"]
[White "Kovalev, Vladislav"]
[Black "AL-Sayed, Mohammed"]
[Site "St. Petersburg"]
[Round "10.52"]
[Annotator "ChessBase"]
[Result "1-0"]
[Date "2018.12.27"]
[WhiteElo "2683"]
[BlackElo "2484"]
[PlyCount "97"]
[TimeControl "900+10"]

1. e4 c5 2. Be2 Nc6 3. d3 Nf6 4. f4 Nd4 5. Nf3 Nxe2 6. Qxe2 e6 7. b3 d5 8. Bb2 Be7 9. 0-0 d4 10. Nbd2 b6 11. a4 Bb7 12. Nc4 0-0 13. c3 dxc3 14. Bxc3 Qc7 15. Nfe5 Nd7 16. Qg4 f5 17. Qh3 Nxe5 18. Bxe5 Qd7 19. Rad1 Rad8 20. Rfe1 Bf6 21. Nd6 Bc6 22. exf5 exf5 23. d4 cxd4 24. Rxd4 Bxe5 25. Rxe5 Be4 26. Qc3 Qc6 27. Qxc6 Bxc6 28. Nxf5 Rxd4 29. Nxd4 Bd7 30. Rd5 Bc8 31. g3 Kf7 32. Kf2 Bg4 33. Nc6 Be6 34. Nd8+ Ke7 35. Nxe6 Kxe6 36. Re5+ Kd6 37. Rg5 Rf7 38. Ke3 Rc7 39. Kd4 Ke6 40. g4 Rf7 41. Re5+ Kd6 42. f5 Kc7 43. Re6 Kd7 44. Kd5 Rf8 45. Rd6+ Kc7 46. b4 Re8 47. Re6 Rd8+ 48. Ke5 Rd7 49. g5 1-0

[Event "FIDE World Rapid-ch Open 2018"]
[White "Frolyanov, Dmitry"]
[Black "Steinberg, Nitzan"]
[Site "St. Petersburg"]
[Round "10.53"]
[Annotator "ChessBase"]
[Result "1/2-1/2"]
[Date "2018.12.27"]
[WhiteElo "2517"]
[BlackElo "2532"]
[PlyCount "284"]
[TimeControl "900+10"]

1. e4 c5 2. Nf3 d6 3. d4 cxd4 4. Nxd4 Nf6 5. Nc3 a6 6. Be3 e5 7. Nf3 h6 8. Bc4 Qc7 9. Bb3 Nc6 10. 0-0 Be7 11. Nh4 Na5 12. Na4 Nxb3 13. cxb3 Nxe4 14. Nb6 Rb8 15. Rc1 Qd8 16. Nxc8 Bxh4 17. Qg4 d5 18. Nb6 0-0 19. Bxh6 Qf6 20. Nxd5 Bxf2+ 21. Kh1 Qxh6 22. Qxe4 Bg3 23. h3 Rbe8 24. Rc7 Qh4 25. Qf5 Bf4 26. Nxf4 exf4 27. Qxf4 Qxf4 28. Rxf4 b5 29. Rf2 Re6 30. Kh2 f5 31. Rd2 Rfe8 32. Rcd7 Kh7 33. Kg3 Re3+ 34. Kf2 R8e6 35. R7d6 Re2+ 36. Rxe2 Rxd6 37. Kf3 Kg6 38. Rc2 Kf6 39. Ke3 g5 40. a4 Re6+ 41. Kf3 Rd6 42. axb5 axb5 43. Ke3 Rd5 44. b4 Ke6 45. Rc6+ Kd7 46. Rc5 Kd6 47. Rxd5+ Kxd5 48. g3 Ke5 49. Kf3 Ke6 50. h4 Kf6 51. Ke2 Kg6 52. hxg5 Kxg5 53. Kf3 Kg6 54. Kf4 Kf6 55. Ke3 Ke5 56. Kf3 Ke6 57. Kf4 Kf6 58. Kf3 Ke5 59. Kf2 Ke4 60. Ke2 Kd4 61. Kf3 Ke5 62. Ke3 Kf6 63. Kd4 Kg5 64. Kd5 Kh5 65. Kc5 Kg4 66. Kxb5 Kxg3 67. Kc6 f4 68. b5 f3 69. b6 f2 70. b7 f1=Q 71. b8=Q+ Kg4 72. Qb4+ Kh3 73. Qc3+ Kg4 74. b4 Qa6+ 75. Kd5 Qb7+ 76. Kc4 Qf7+ 77. Kb5 Qe8+ 78. Qc6 Qb8+ 79. Kc5 Qa7+ 80. Kd5 Kf3 81. b5 Qa2+ 82. Kd6+ Ke3 83. b6 Qh2+ 84. Kd7 Qh7+ 85. Kd8 Qh4+ 86. Kc7 Qe7+ 87. Kc8 Qf8+ 88. Kd7 Qf7+ 89. Kc8 Qf8+ 90. Kb7 Qe7+ 91. Qc7 Qe4+ 92. Qc6 Qe7+ 93. Kb8 Qf8+ 94. Qc8 Qd6+ 95. Ka7 Qa3+ 96. Qa6 Qc5 97. Qa4 Kf2 98. Ka6 Qd6 99. Qa2+ Ke3 100. Qb3+ Kf2 101. Qc2+ Ke3 102. Kb5 Qd7+ 103. Qc6 Qd3+ 104. Qc4 Qd7+ 105. Kb4 Kf2 106. Qe4 Qd6+ 107. Kb5 Qd7+ 108. Ka6 Qd6 109. Qc4 Ke3 110. Qc3+ Kf2 111. Ka7 Qd7+ 112. b7 Qa4+ 113. Kb6 Qf4 114. Qb2+ Kf1 115. Ka5 Qc7+ 116. Ka4 Qc4+ 117. Qb4 Qa6+ 118. Kb3 Qd3+ 119. Kb2 Qe2+ 120. Ka1 Qe5+ 121. Ka2 Qe2+ 122. Kb3 Qd3+ 123. Ka2 Qe2+ 124. Ka1 Qe5+ 125. Kb1 Qf5+ 126. Kc1 Qg5+ 127. Kc2 Qf5+ 128. Kd2 Qg5+ 129. Kd3 Qd5+ 130. Ke3 Qe5+ 131. Qe4 Qc5+ 132. Kf4 Qc7+ 133. Kg4 Qg7+ 134. Kf4 Qc7+ 135. Ke3 Qc5+ 136. Kd2 Qa5+ 137. Kc2 Qc5+ 138. Kb3 Qb5+ 139. Kc3 Qa5+ 140. Kd4 Qb4+ 141. Ke5 Qe7+ 142. Kf4 Qc7+ {Ke5} 1/2-1/2

[Event "FIDE World Rapid-ch Open 2018"]
[White "Sychev, Klementy"]
[Black "Roiz, Michael"]
[Site "St. Petersburg"]
[Round "10.54"]
[Annotator "ChessBase"]
[Result "1/2-1/2"]
[Date "2018.12.27"]
[WhiteElo "2537"]
[BlackElo "2605"]
[PlyCount "84"]
[TimeControl "900+10"]

1. Nf3 Nf6 2. c4 e6 3. g3 d5 4. Bg2 dxc4 5. 0-0 a6 6. Qc2 Nbd7 7. Qxc4 b5 8. Qc2 Bb7 9. d3 Bd6 10. a4 0-0 11. Nc3 c6 12. e4 e5 13. d4 c5 14. dxe5 Nxe5 15. Rd1 Qb6 16. axb5 axb5 17. Rxa8 Bxa8 18. Nh4 c4 19. Bf4 Nd3 20. Bxd6 Qxd6 21. Nxb5 Qb4 22. Nc3 g6 23. e5 Nxe5 24. Bxa8 Rxa8 25. Ne4 Ra6 26. Qc3 Qxc3 27. Nxf6+ Rxf6 28. bxc3 Nd3 29. Rd2 Rb6 30. Nf3 Rb1+ 31. Kg2 Rc1 32. Nd4 Rxc3 33. Nb5 Rc1 34. Kf3 Rb1 35. Nd4 Re1 36. Rc2 Ne5+ 37. Kg2 Re4 38. Nb5 g5 39. Nd6 Rd4 40. Nf5 Rd3 41. f4 gxf4 42. gxf4 Ng4 1/2-1/2

[Event "FIDE World Rapid-ch Open 2018"]
[White "Gutenev, Alexander"]
[Black "Demidov, Mikhail"]
[Site "St. Petersburg"]
[Round "10.55"]
[Annotator "ChessBase"]
[Result "0-1"]
[Date "2018.12.27"]
[WhiteElo "2456"]
[BlackElo "2520"]
[PlyCount "116"]
[TimeControl "900+10"]

1. e4 Nf6 2. e5 Nd5 3. d4 d6 4. c4 Nb6 5. exd6 exd6 6. Nc3 Be7 7. Bd3 0-0 8. Nge2 Bg5 9. 0-0 Bxc1 10. Rxc1 Nc6 11. b3 Bg4 12. f3 Bh5 13. Nf4 Bg6 14. Nxg6 hxg6 15. Be4 Qd7 16. c5 Nc8 17. d5 N6e7 18. c6 bxc6 19. dxc6 Qd8 20. a4 a5 21. Nb5 Na7 22. Nd4 Rb8 23. Qd2 Rb4 24. Rfd1 d5 25. Nc2 Rxb3 26. Qxa5 Naxc6 27. Qc5 Qd6 28. Qxd6 cxd6 29. Bxd5 Nxd5 30. Rxd5 Rc3 31. Rdd1 Ra8 32. Ne1 Rxc1 33. Rxc1 Nd4 34. Rc4 Ne6 35. Nd3 Kf8 36. Kf2 Ke7 37. h4 Kd7 38. Ke3 Ra5 39. Rb4 Kc6 40. Rc4+ Kd7 41. Rb4 Ra7 42. g3 Kc6 43. Kd2 Nc7 44. Rc4+ Kd7 45. Rf4 Ke7 46. Re4+ Kd7 47. Rf4 Ke7 48. Re4+ Kf8 49. Rd4 Ne6 50. Rxd6 Rxa4 51. Rd7 Ra2+ 52. Ke3 Ra3 53. Rd5 Ke7 54. Rb5 f6 55. Kd2 Nd4 56. Rb7+ Kf8 57. Ne1 Nxf3+ 58. Nxf3 Rxf3 0-1

[Event "FIDE World Rapid-ch Open 2018"]
[White "Vishnu Prasanna. V"]
[Black "Tsydypov, Zhamsaran"]
[Site "St. Petersburg"]
[Round "10.56"]
[Annotator "ChessBase"]
[Result "1-0"]
[Date "2018.12.27"]
[WhiteElo "2518"]
[BlackElo "2529"]
[PlyCount "80"]
[TimeControl "900+10"]

1. e4 c5 2. Nf3 d6 3. d4 cxd4 4. Nxd4 Nf6 5. Nc3 a6 6. Be3 e6 7. Be2 Be7 8. f4 Qc7 9. g4 Nfd7 10. g5 Nc6 11. Qd2 b5 12. a3 Bb7 13. f5 Nc5 14. fxe6 fxe6 15. 0-0 0-0-0 16. b4 Nxd4 17. Bxd4 Nxe4 18. Nxe4 Bxe4 19. c4 Qb7 20. cxb5 axb5 21. a4 e5 22. Be3 d5 23. axb5 d4 24. b6 Qxb6 25. Rfc1+ Kd7 26. Ra6 Qb7 27. Qa2 Ke8 28. Ra7 Qb8 29. Rcc7 Qxb4 30. Bd2 Qd6 31. Rxe7+ Qxe7 32. Rxe7+ Kxe7 33. Bb4+ Kd7 34. Bb5+ Kc8 35. Qe6+ Kb7 36. Qe7+ Kb6 37. Qc5+ Kb7 38. Ba5 Rc8 39. Ba6+ Ka8 40. Bxc8 Rxc8 1-0

[Event "FIDE World Rapid-ch Open 2018"]
[White "Sanal, Vahap"]
[Black "Bindrich, Falko"]
[Site "St. Petersburg"]
[Round "10.57"]
[Annotator "ChessBase"]
[Result "1/2-1/2"]
[Date "2018.12.27"]
[WhiteElo "2490"]
[BlackElo "2606"]
[PlyCount "105"]
[TimeControl "900+10"]

1. e4 e5 2. Nf3 Nf6 3. Nxe5 d6 4. Nf3 Nxe4 5. Nc3 Nxc3 6. dxc3 Be7 7. Be3 0-0 8. Qd2 Nd7 9. 0-0-0 Nf6 10. Bd3 c5 11. Rhe1 Qa5 12. Kb1 Be6 13. c4 Qxd2 14. Bxd2 Rfe8 15. h3 h6 16. Nh4 Ng4 17. hxg4 Bxh4 18. g3 Bf6 19. Be2 Bd4 20. Rf1 Bd5 21. Be3 Bg2 22. Rg1 Bc6 23. Bxd4 cxd4 24. Rd2 Re5 25. b3 Rae8 26. Bd1 Re1 27. Rxe1 Rxe1 28. Kb2 Rf1 29. b4 Kf8 30. f4 Bf3 31. Bxf3 Rxf3 32. Rd3 Rxd3 33. cxd3 b6 34. Kb3 Ke7 35. a4 Kd7 36. a5 g5 37. fxg5 hxg5 38. axb6 axb6 39. Ka4 Kc6 40. Ka3 Kd7 41. Kb3 Kc7 42. Kc2 Kc6 43. Kd2 Kd7 44. Kc2 Kc6 45. Kb2 Kd7 46. Ka2 Kc6 47. Ka3 Kc7 48. Kb3 Kd7 49. Kc2 Kc6 50. Kd2 Kd7 51. Ke2 Ke6 52. Kd2 Kd7 53. Kc2 1/2-1/2

[Event "FIDE World Rapid-ch Open 2018"]
[White "Kobo, Ori"]
[Black "Moiseenko, Vadim"]
[Site "St. Petersburg"]
[Round "10.58"]
[Annotator "ChessBase"]
[Result "0-1"]
[Date "2018.12.27"]
[WhiteElo "2494"]
[BlackElo "2501"]
[PlyCount "80"]
[TimeControl "900+10"]

1. Nf3 Nf6 2. c4 b6 3. g3 Bb7 4. Bg2 g6 5. d4 Bg7 6. 0-0 0-0 7. d5 Ne4 8. Qc2 f5 9. Ng5 Nxg5 10. Bxg5 Na6 11. Nc3 Qe8 12. Bxe7 Rf7 13. Bg5 d6 14. Rae1 Be5 15. Bd2 f4 16. Bh3 Bc8 17. Bxc8 Qxc8 18. Kg2 Qd7 19. Ne4 Nc5 20. b4 Nxe4 21. Qxe4 Raf8 22. f3 Qa4 23. Qb1 a5 24. Qb3 Qxb3 25. axb3 axb4 26. Bxb4 g5 27. e3 Ra8 28. exf4 gxf4 29. g4 b5 30. cxb5 Rb8 31. Re4 Rxb5 32. Rc1 Rxd5 33. Be1 h5 34. gxh5 Rd3 35. h6 Rxb3 36. Bh4 Kh7 37. Bg5 Rb2+ 38. Kh1 Rf2 39. Rb1 Rxf3 40. Rb7 Rc3 0-1

[Event "FIDE World Rapid-ch Open 2018"]
[White "Pershin, Denis"]
[Black "Zvjaginsev, Vadim"]
[Site "St. Petersburg"]
[Round "10.59"]
[Annotator "ChessBase"]
[Result "0-1"]
[Date "2018.12.27"]
[WhiteElo "2400"]
[BlackElo "2642"]
[PlyCount "86"]
[TimeControl "900+10"]

1. e4 c5 2. Nf3 Nc6 3. d4 cxd4 4. Nxd4 Nf6 5. Nc3 g6 6. Be3 Bg7 7. Bc4 0-0 8. Bb3 d6 9. f3 Qa5 10. Qd2 Nxd4 11. Bxd4 Be6 12. 0-0-0 b5 13. Kb1 b4 14. Nd5 Bxd5 15. exd5 Qb5 16. Qd3 Qxd3 17. cxd3 Nd7 18. Bxg7 Kxg7 19. Rhe1 Kf6 20. Re4 a5 21. Rde1 Nc5 22. Rf4+ Kg7 23. Bc4 Ra7 24. d4 Na4 25. Rfe4 Nb6 26. Bb5 Rb8 27. Bc6 Kf8 28. h4 Rc7 29. Rf4 h6 30. h5 g5 31. Rf5 Nd7 32. f4 g4 33. Re6 Nf6 34. Rexf6 exf6 35. Rxf6 Rd8 36. Kc2 Kg7 37. Rf5 Re8 38. Kd3 Re1 39. Kc4 Re2 40. Kb5 Rxg2 41. Kb6 Re7 42. Bb5 Rc2 43. Bd3 Rc1 0-1

[Event "FIDE World Rapid-ch Open 2018"]
[White "Gaifullin, Artur"]
[Black "Tukhaev, Adam"]
[Site "St. Petersburg"]
[Round "10.60"]
[Annotator "ChessBase"]
[Result "0-1"]
[Date "2018.12.27"]
[WhiteElo "2448"]
[BlackElo "2527"]
[PlyCount "172"]
[TimeControl "900+10"]

1. Nf3 g6 2. d4 Bg7 3. c4 d6 4. Nc3 Bg4 5. e3 Nf6 6. h3 Bf5 7. Qb3 Qc8 8. g4 Bd7 9. Bg2 0-0 10. Bd2 Nc6 11. a3 Re8 12. Qc2 h5 13. g5 Nh7 14. d5 Nd8 15. 0-0-0 c6 16. Nh4 cxd5 17. Nxd5 b5 18. Bc3 Bxc3 19. Nxc3 Rb8 20. cxb5 Nf8 21. Nd5 Qxc2+ 22. Kxc2 Bxb5 23. Kb1 Nde6 24. f4 Ba4 25. Rd2 Nc5 26. f5 Bb5 27. Rhd1 gxf5 28. Nxf5 Ng6 29. Nc7 Rec8 30. Nxb5 Rxb5 31. Bd5 Na4 32. Ka1 Kf8 33. Rf1 Rcc5 34. e4 Nb6 35. b4 Rxd5 36. exd5 Rxd5 37. Rxd5 Nxd5 38. Ng3 h4 39. Ne4 Ndf4 40. Rf3 d5 41. Nc5 e6 42. a4 Ke7 43. Nd3 Nxd3 44. Rxd3 Nf4 45. Rb3 Kd6 46. b5 d4 47. a5 Kc7 48. b6+ axb6 49. Rxb6 Nxh3 50. Rb3 d3 51. Rxd3 Nxg5 52. Rb3 h3 53. a6 h2 54. Rb7+ Kc6 55. Rb1 h1=Q 56. Rxh1 Kb6 57. Rh5 f6 58. Rh6 Ne4 59. Kb2 Kxa6 60. Kc2 Kb5 61. Kd3 Nc5+ 62. Ke3 Nd7 63. Kf4 Kc6 64. Rh1 Nb6 65. Rc1+ Kd6 66. Ra1 Nd5+ 67. Ke4 f5+ 68. Kf3 e5 69. Re1 Ke6 70. Re2 Kf6 71. Re1 Ne7 72. Ra1 e4+ 73. Ke3 Ke5 74. Ra7 f4+ 75. Kf2 Nc6 76. Ra4 Nd4 77. Ra5+ Ke6 78. Rh5 e3+ 79. Ke1 f3 80. Rc5 Nf5 81. Rc2 Ke5 82. Kf1 Ng3+ 83. Kg1 Ne4 84. Rc8 e2 85. Re8+ Kd4 86. Rd8+ Ke3 0-1

[Event "FIDE World Rapid-ch Open 2018"]
[White "Sharma, Dinesh K."]
[Black "Tregubov, Pavel V."]
[Site "St. Petersburg"]
[Round "10.61"]
[Annotator "ChessBase"]
[Result "1/2-1/2"]
[Date "2018.12.27"]
[WhiteElo "2295"]
[BlackElo "2592"]
[PlyCount "101"]
[TimeControl "900+10"]

1. e4 c5 2. Nf3 e6 3. d4 cxd4 4. Nxd4 Nc6 5. Nc3 Nf6 6. a3 Be7 7. Be3 0-0 8. Qe2 d5 9. exd5 Nxd5 10. Nxd5 Qxd5 11. Qc4 Qa5+ 12. Bd2 Qe5+ 13. Be3 Bf6 14. Nxc6 bxc6 15. c3 a5 16. 0-0-0 Ba6 17. Qf4 Qh5 18. g4 Qg6 19. Bxa6 Rxa6 20. g5 Bd8 21. h4 Ra8 22. h5 Qf5 23. Qxf5 exf5 24. Bf4 Re8 25. Rhe1 Rxe1 26. Rxe1 Bb6 27. f3 g6 28. h6 Bc5 29. a4 f6 30. Re6 fxg5 31. Bxg5 Rc8 32. Re5 Bb6 33. Re7 Rc7 34. Re8+ Kf7 35. Rb8 Ba7 36. Rh8 Ke6 37. Re8+ Kd5 38. Rg8 Rd7 39. Kc2 Bb6 40. Re8 c5 41. b3 Bc7 42. Be3 f4 43. Bd2 g5 44. Rg8 Bd8 45. Rg7 Ke6 46. Rg8 Kf5 47. Rg7 Ke6 48. Rg8 Kf7 49. Rg7+ Ke6 50. Rg8 Kf7 51. Rg7+ 1/2-1/2

[Event "FIDE World Rapid-ch Open 2018"]
[White "Sokolin, Leonid"]
[Black "Le, Quang Liem"]
[Site "St. Petersburg"]
[Round "10.62"]
[Annotator "RC"]
[Result "1/2-1/2"]
[Date "2018.12.27"]
[WhiteElo "2508"]
[BlackElo "2714"]
[PlyCount "143"]
[TimeControl "900+10"]

1. e4 c5 2. Nf3 d6 3. d4 cxd4 4. Qxd4 Nc6 5. Bb5 Bd7 6. Bxc6 Bxc6 7. Nc3 Nf6 8. Bg5 e6 9. 0-0-0 Be7 10. Qd3 Qa5 11. h4 h6 12. Bxf6 gxf6 13. Nd4 a6 14. f4 Bd7 15. Kb1 0-0-0 16. g4 Kb8 17. f5 Rc8 18. Nce2 Rhg8 19. Rhg1 Qe5 20. Qf3 Bd8 21. Qd3 Ka7 22. Rg2 Bb6 23. a3 d5 24. exd5 Qxd5 25. fxe6 fxe6 26. Rg3 e5 27. Nf5 Qc5 28. Nd6 Rc7 29. Ne4 Qc6 30. g5 Bf5 31. N2c3 fxg5 32. Qf3 Bxe4 33. Qxe4 Qxe4 34. Nxe4 Rc4 35. Re1 g4 36. h5 Bd8 37. b3 Rd4 38. c3 Rd7 39. Reg1 Rdg7 40. R1g2 Bh4 41. Rd3 g3 42. Rd5 Re7 43. Kc2 Rg4 44. Kd3 Rf4 45. Ke3 Rf5 46. Rd6 Rxh5 47. Rg6 Rf7 48. Nxg3 Bg5+ 49. Ke4 Rh3 50. Kxe5 Re7+ 51. Kd5 Bf4 52. Ne2 Bg5 53. Re6 Rd3+ 54. Kc4 Rxc3+ 55. Nxc3 Rxe6 56. a4 Rc6+ 57. Kd3 Rd6+ 58. Ke4 Rb6 59. Rg3 Rb4+ 60. Kf5 Rd4 61. Ne4 Bc1 62. Rg7 Rd3 63. Rxb7+ Kxb7 64. Nc5+ Kc6 65. Nxd3 Bd2 66. b4 Kd5 67. Nc5 a5 68. bxa5 Kxc5 69. Kg4 Bxa5 70. Kh3 Kb4 71. Kg2 Kxa4 72. Kh1 1/2-1/2

[Event "FIDE World Rapid-ch Open 2018"]
[White "Vastrukhin, Oleg"]
[Black "Kovalenko, Igor"]
[Site "St. Petersburg"]
[Round "10.63"]
[Annotator "ChessBase"]
[Result "0-1"]
[Date "2018.12.27"]
[WhiteElo "2413"]
[BlackElo "2657"]
[PlyCount "97"]
[TimeControl "900+10"]

1. Nf3 d5 2. g3 c6 3. Bg2 Bg4 4. Ne5 Be6 5. d4 Nd7 6. 0-0 Ngf6 7. Nd3 Bf5 8. Nd2 e6 9. c4 Bxd3 10. exd3 Bd6 11. Qb3 Rb8 12. Nf3 0-0 13. Re1 Bc7 14. Qc2 h6 15. b4 a5 16. a3 Ra8 17. Bd2 Qb8 18. b5 cxb5 19. c5 Qe8 20. Rab1 Nb8 21. Qb2 b4 22. axb4 axb4 23. Qxb4 Ra7 24. Ra1 Nc6 25. Qb2 Rxa1 26. Rxa1 Qc8 27. Rb1 Nd8 28. Ne5 Nd7 29. f4 Bxe5 30. fxe5 Nb8 31. g4 Nbc6 32. h4 Qc7 33. g5 h5 34. Be3 g6 35. Qb6 Qc8 36. Ra1 Ne7 37. Bf2 Ndc6 38. Bh3 Qd7 39. Rb1 Rb8 40. Qb5 Qe8 41. Qb2 Ra8 42. Qb6 Ra7 43. Kg2 Qa8 44. Qb2 Nd8 45. Qb6 Nec6 46. Kg1 Ra6 47. Qb2 Ra2 48. Qb3 Qa5 49. Be1 0-1

[Event "FIDE World Rapid-ch Open 2018"]
[White "Jones, Gawain C B"]
[Black "Belyakov, Bogdan"]
[Site "St. Petersburg"]
[Round "10.64"]
[Annotator "ChessBase"]
[Result "0-1"]
[Date "2018.12.27"]
[WhiteElo "2682"]
[BlackElo "2459"]
[PlyCount "146"]
[TimeControl "900+10"]

1. e4 e5 2. Nf3 Nc6 3. Bc4 Bc5 4. c3 Nf6 5. d4 exd4 6. e5 d5 7. Bb5 Ne4 8. cxd4 Bb6 9. Nc3 Bg4 10. h3 Bh5 11. Be3 0-0 12. Qc2 Bg6 13. Qb3 Ne7 14. 0-0 c6 15. Bd3 Nxc3 16. Qxc3 Bxd3 17. Qxd3 Qd7 18. Nh4 f5 19. Bg5 Ng6 20. Nxg6 hxg6 21. Rfe1 Qe6 22. Bf4 Rae8 23. Rac1 Qe7 24. Qd2 Bd8 25. e6 g5 26. Be5 Bb6 27. b4 f4 28. a4 a6 29. Rb1 Qd8 30. Qd1 Rxe6 31. Qg4 Qe7 32. Red1 Re8 33. a5 Ba7 34. Rdc1 Bb8 35. Bxb8 Rxb8 36. Kh2 Re8 37. Rb3 Qf6 38. Rd1 g6 39. h4 gxh4 40. Rh3 Kg7 41. Rxh4 Qxh4+ 42. Qxh4 Rh8 43. Qxh8+ Kxh8 44. Rd2 Kg7 45. Kh3 Re1 46. Kg4 Rb1 47. Kxf4 Kf6 48. g4 g5+ 49. Ke3 Rxb4 50. Rd3 Rb5 51. Ra3 Rb4 52. f3 Ke6 53. Kd3 Kd6 54. Ke3 c5 55. dxc5+ Kxc5 56. Rc3+ Kb5 57. Rc7 Kxa5 58. Rg7 d4+ 59. Ke4 Rb5 60. f4 gxf4 61. g5 d3 62. Kxd3 f3 63. Ke3 Rf5 64. Kf2 b5 65. g6 Rf6 66. Rg8 b4 67. Rg7 Ka4 68. Rg8 a5 69. Ke1 b3 70. g7 f2+ 71. Kf1 Rf7 72. Rb8 Rxg7 73. Kxf2 Re7 0-1

[Event "FIDE World Rapid-ch Open 2018"]
[White "Novikov, Stanislav"]
[Black "Belozerov, Andrei"]
[Site "St. Petersburg"]
[Round "10.65"]
[Annotator "ChessBase"]
[Result "1-0"]
[Date "2018.12.27"]
[WhiteElo "2540"]
[BlackElo "2528"]
[PlyCount "113"]
[TimeControl "900+10"]

1. e4 c6 2. d3 d5 3. Nd2 e5 4. Ngf3 Bd6 5. g3 Nf6 6. Bg2 0-0 7. 0-0 Re8 8. c3 Nbd7 9. Qc2 Qc7 10. b3 b6 11. Bb2 Ba6 12. Rfe1 Rad8 13. a3 Bf8 14. b4 g6 15. c4 d4 16. Nb3 c5 17. b5 Bc8 18. a4 Bh6 19. a5 Nf8 20. Ra2 Nh5 21. Rea1 Bb7 22. Bc1 Bxc1 23. Qxc1 Kg7 24. Nh4 Ne6 25. Nd2 Qe7 26. Qd1 Kh8 27. Ndf3 Neg7 28. Qd2 f6 29. axb6 axb6 30. Ra7 Kg8 31. Bh3 Ra8 32. Ng2 Rxa7 33. Rxa7 Ra8 34. Qa2 Qd8 35. Nfh4 Qb8 36. Rxa8 Qxa8 37. Qxa8+ Bxa8 38. f4 exf4 39. g4 f5 40. gxh5 fxe4 41. dxe4 Bxe4 42. hxg6 hxg6 43. Kf2 Kf7 44. Nf3 Bxf3 45. Kxf3 g5 46. Ke4 Nh5 47. Ne1 Nf6+ 48. Kf5 Nh7 49. Nf3 Ke7 50. Bf1 Kd6 51. Bd3 Nf8 52. Nxg5 Nd7 53. Ne4+ Ke7 54. Kxf4 Nf8 55. Ng5 Nd7 56. h4 Nf6 57. Be2 1-0

[Event "FIDE World Rapid-ch Open 2018"]
[White "Miton, Kamil"]
[Black "Carlsson, Pontus"]
[Site "St. Petersburg"]
[Round "10.66"]
[Annotator "ChessBase"]
[Result "1/2-1/2"]
[Date "2018.12.27"]
[WhiteElo "2588"]
[BlackElo "2463"]
[PlyCount "199"]
[TimeControl "900+10"]

1. d4 Nf6 2. c4 e6 3. g3 c5 4. Nf3 cxd4 5. Nxd4 Qc7 6. Bg2 a6 7. 0-0 Qxc4 8. Nc3 Nc6 9. Nb3 Qb4 10. a3 Qb6 11. e4 d6 12. Be3 Qd8 13. f4 Be7 14. g4 h5 15. h3 hxg4 16. hxg4 Rh4 17. Bf3 g5 18. Kg2 gxf4 19. Bxf4 Ne5 20. Bxe5 dxe5 21. Rh1 Qxd1 22. Raxd1 Rxh1 23. Rxh1 Nd7 24. Na5 b6 25. Rh8+ Bf8 26. Nc4 Ke7 27. g5 b5 28. Na5 Nc5 29. Nc6+ Kd6 30. Rxf8 Kxc6 31. Rxf7 Bd7 32. g6 Rg8 33. g7 Be8 34. Re7 Kd6 35. Ra7 Bd7 36. b4 Rxg7+ 37. Kf2 Nb3 38. Rxa6+ Ke7 39. Ra7 Nd4 40. Be2 Kf8 41. Ra5 Bc6 42. Bxb5 Rf7+ 43. Ke1 Rf3 44. Bxc6 Rxc3 45. Bb7 Ke7 46. a4 Rc7 47. Ba6 Nc2+ 48. Kd2 Nxb4 49. Bb5 Rc2+ 50. Kd1 Rc7 51. Ra8 Na2 52. Kd2 Nb4 53. a5 Rc2+ 54. Kd1 Ra2 55. a6 Kd6 56. Bc4 Ra1+ 57. Kd2 Kc5 58. a7 Nc6 59. Bxe6 Rxa7 60. Rxa7 Nxa7 61. Ke3 Nb5 62. Bf5 Kc4 63. Be6+ Kc3 64. Bd5 Na3 65. Bc6 Nc2+ 66. Kf2 Kd2 67. Bb7 Nb4 68. Kf3 Nd3 69. Kg4 Ke3 70. Kf5 Kd4 71. Ba8 Nf2 72. Bb7 Nd1 73. Ba8 Ne3+ 74. Ke6 Nd1 75. Kf5 Nb2 76. Bb7 Nc4 77. Ba8 Nd6+ 78. Kg4 Nxe4 79. Kf3 Nd2+ 80. Ke2 Nb1 81. Bb7 Nc3+ 82. Kd2 Nb5 83. Ba8 Nc7 84. Bb7 Ne6 85. Ba8 Nf4 86. Bb7 Nd3 87. Ba8 Nb2 88. Bb7 Nc4+ 89. Ke2 Nb6 90. Bc6 Kc5 91. Bb7 Kd6 92. Be4 Ke6 93. Bb7 Kf5 94. Bc6 Kf4 95. Bb7 Na4 96. Ba8 Nc3+ 97. Kd2 Ne4+ 98. Ke2 Ng3+ 99. Kd2 e4 100. Bxe4 1/2-1/2

[Event "FIDE World Rapid-ch Open 2018"]
[White "Sanikidze, Tornike"]
[Black "Indjic, Aleksandar"]
[Site "St. Petersburg"]
[Round "10.67"]
[Annotator "ChessBase"]
[Result "0-1"]
[Date "2018.12.27"]
[WhiteElo "2507"]
[BlackElo "2620"]
[PlyCount "130"]
[TimeControl "900+10"]

1. d4 Nf6 2. c4 c5 3. d5 e6 4. Nf3 d6 5. Nc3 exd5 6. cxd5 g6 7. Bf4 a6 8. a4 Bg7 9. h3 0-0 10. e3 Ne8 11. Be2 Nd7 12. 0-0 Rb8 13. Re1 Qe7 14. Bf1 Nc7 15. Qd2 h6 16. Bg3 g5 17. e4 f6 18. a5 Ne5 19. Nxe5 fxe5 20. b4 cxb4 21. Na4 g4 22. h4 Bd7 23. Nb6 Bb5 24. Nc4 Bxc4 25. Bxc4 Ne8 26. Rab1 Nf6 27. Rxb4 Rbc8 28. Be2 Rc7 29. Reb1 Rfc8 30. Qd1 h5 31. Qd2 Kh7 32. Bd3 Bh6 33. Qb2 Rc1+ 34. Rxc1 Rxc1+ 35. Kh2 Rc7 36. Rb6 Kg7 37. Bc2 Bf4 38. Kg1 Kf7 39. Kf1 Kg7 40. Ke2 Kf7 41. Kd1 Bh6 42. Qb4 Bf8 43. Ba4 Kg8 44. Bc2 Qh7 45. Qb1 Rc4 46. Rxb7 Qh6 47. Bd3 Rd4 48. Ke2 Nxe4 49. Bxe4 Qd2+ 50. Kf1 Rc4 51. Kg1 Rc1+ 52. Qxc1 Qxc1+ 53. Kh2 Bh6 54. Rh7 Bf4 55. Rxh5 Qe1 56. Bh7+ Kg7 57. Bxf4 exf4 58. Bf5 g3+ 59. fxg3 Qxg3+ 60. Kh1 Qe1+ 61. Kh2 Qxa5 62. Be4 Qe1 63. Rg5+ Kh6 64. Rg6+ Kh5 65. Rg5+ Kxh4 0-1

[Event "FIDE World Rapid-ch Open 2018"]
[White "Lomasov, Semyon"]
[Black "Huzman, Alexander"]
[Site "St. Petersburg"]
[Round "10.68"]
[Annotator "ChessBase"]
[Result "1-0"]
[Date "2018.12.27"]
[WhiteElo "2553"]
[BlackElo "2580"]
[PlyCount "73"]
[TimeControl "900+10"]

1. e4 e6 2. d4 d5 3. Nc3 dxe4 4. Nxe4 Nd7 5. Nf3 Ngf6 6. Nxf6+ Nxf6 7. Be3 Bd6 8. Bd3 a6 9. Qe2 b5 10. 0-0-0 Bb7 11. Kb1 0-0 12. Bg5 h6 13. h4 Bxf3 14. Qxf3 Be7 15. g4 Qd5 16. Qh3 Rad8 17. c3 c5 18. Bxf6 gxf6 19. Qe3 Kg7 20. Be4 cxd4 21. cxd4 Qd6 22. d5 Qc5 23. Qf3 Rd6 24. Rc1 Qb6 25. g5 fxg5 26. hxg5 Bxg5 27. Rxh6 Kxh6 28. Rh1+ Kg7 29. Qc3+ f6 30. Rh7+ Kg8 31. Rh8+ Kg7 32. Rh7+ Kg8 33. Qh3 f5 34. Qh5 exd5 35. Rh8+ Kg7 36. Qh7+ Kf6 37. Qxf5+ 1-0

[Event "FIDE World Rapid-ch Open 2018"]
[White "Gasanov, Eldar"]
[Black "Usmanov, Vasily"]
[Site "St. Petersburg"]
[Round "10.69"]
[Annotator "ChessBase"]
[Result "1-0"]
[Date "2018.12.27"]
[WhiteElo "2499"]
[BlackElo "2450"]
[PlyCount "143"]
[TimeControl "900+10"]

1. Nf3 d5 2. e3 Bg4 3. c4 dxc4 4. Bxc4 e6 5. d4 Nc6 6. h3 Bh5 7. Bb5 Bb4+ 8. Nc3 Nge7 9. a3 Bd6 10. Ne4 a6 11. Be2 0-0 12. 0-0 Bg6 13. Nxd6 cxd6 14. Bd2 Qd7 15. Qb3 Rfc8 16. Rfc1 h6 17. Ne1 Nd5 18. Nd3 Nce7 19. f3 f5 20. a4 Rxc1+ 21. Rxc1 Rc8 22. Kf2 Rxc1 23. Bxc1 Be8 24. Bd2 Qxa4 25. Qxb7 Qc2 26. Ke1 Bb5 27. Nc1 Qc6 28. Qxc6 Nxc6 29. Bd1 Nb6 30. Kf2 Kf7 31. g4 Nc4 32. Bc3 d5 33. gxf5 exf5 34. Nd3 g5 35. b3 Nd6 36. Nc5 a5 37. Bc2 Ke7 38. Kg3 Kf6 39. e4 fxe4 40. fxe4 dxe4 41. d5+ Ne5 42. Nxe4+ Nxe4+ 43. Bxe4 a4 44. b4 a3 45. h4 a2 46. Bc2 Bc4 47. Be4 Bb5 48. hxg5+ hxg5 49. Kf2 Bd7 50. Ke3 Bb5 51. Bc2 Bd7 52. b5 Bxb5 53. Ke4 g4 54. Kf4 Bc4 55. Bxe5+ Ke7 56. Be4 g3 57. Ke3 Bf1 58. Bf5 g2 59. Kf2 Bc4 60. d6+ Kf7 61. d7 Ke7 62. Bf6+ Kxf6 63. d8=Q+ Kxf5 64. Qa5+ Ke4 65. Kxg2 Kd3 66. Qe5 Kc2 67. Qa1 Bg8 68. Kf2 Bf7 69. Ke2 Bc4+ 70. Ke3 Bg8 71. Kd4 Kd2 72. Qb2+ 1-0

[Event "FIDE World Rapid-ch Open 2018"]
[White "Popov, Ivan"]
[Black "Christiansen, Johan-Sebastian"]
[Site "St. Petersburg"]
[Round "10.70"]
[Annotator "ChessBase"]
[Result "1-0"]
[Date "2018.12.27"]
[WhiteElo "2592"]
[BlackElo "2555"]
[PlyCount "79"]
[TimeControl "900+10"]

1. e4 e6 2. d4 d5 3. Nd2 c5 4. Ngf3 cxd4 5. Nxd4 Nf6 6. exd5 Qxd5 7. Nb5 Na6 8. Nc3 Qd6 9. a3 Be7 10. Qf3 0-0 11. Nc4 Qd8 12. Bf4 Nc7 13. Bd3 Ncd5 14. Be5 Nd7 15. Bd4 Nxc3 16. Bxc3 Nc5 17. 0-0-0 Nxd3+ 18. Rxd3 Qc7 19. Ne3 f6 20. Rhd1 Rb8 21. Qe4 b6 22. Bb4 Re8 23. Bd6 Bxd6 24. Rxd6 Bb7 25. Qg4 Qf7 26. Qa4 a6 27. Rxb6 Rbd8 28. Rbd6 Rxd6 29. Rxd6 Bc8 30. Qc4 h6 31. Rc6 Bd7 32. Rxa6 Rc8 33. Qd3 Bc6 34. Qd6 Qe8 35. Ra7 Kh7 36. Re7 Qf8 37. Qxe6 Ba4 38. Qf7 Qh8 39. Qxf6 Rc5 40. Qd4 1-0